 Dungeon Crawl Stone Soup version 0.30.0-29-ga12c61a403 (webtiles) character file.

Game seed: 4997031025331097759

24280 LynnLen the Unseen (level 12, -1/51 HPs)
             Began as a Spriggan Enchanter on June 20, 2023.
             Was a High Priest of Nemelex Xobeh.
             Slain by a water moccasin (22 damage)
             ... on level 4 of the Lair of Beasts.
             The game lasted 01:07:01 (17212 turns).

LynnLen the Unseen (Spriggan Enchanter)            Turns: 17212, Time: 01:07:01

Health: -1/51      AC: 18    Str:  4    XL:     12   Next: 79%
Magic:  28/28      EV:  4    Int: 21    God:    Nemelex Xobeh [*****.]
Gold:   509        SH:  0    Dex: 16    Spells: 12/34 levels left

rFire   . . .        P - +5 short sword
rCold   . . .        U - orb {*channel}
rNeg    . . .        Q - +2 steam dragon scales
rPois   .            (helmet restricted)
rElec   .            A - +2 cloak
rCorr   .            (gloves unavailable)
SInv    +            (boots unavailable)
Will    ++...        H - amulet of magic regeneration
Stlth   +++++++      E - +4 ring of protection
HPRegen 0.28/turn    v - +4 ring of protection
MPRegen 0.61/turn

%: channel magic (20%)
@: sleeping, very quick
A: very small, no large weapons, unfitting armour, see invisible, speed 3
a: Renounce Religion, Draw Escape, Draw Destruction, Draw Summoning, Triple
Draw, Deal Four, Stack Five


You were on level 4 of the Lair of Beasts.
You worshipped Nemelex Xobeh.
Nemelex Xobeh was extremely pleased with you.
You visited 2 branches of the dungeon, and saw 15 of its levels.

You collected 633 gold pieces.
You spent 124 gold pieces at shops.

Inventory:

Hand Weapons
 u - a +6 mace
 P - a +5 short sword (weapon)
 R - a +5 arbalest
Missiles
 b - 49 poisoned darts (quivered)
 J - 6 throwing nets
 O - 108 stones
Armour
 c - the +0 robe of the Trilobite {rF+ Will+}
   (You found it on level 4 of the Dungeon)

   rF:        It protects you from fire.
   Will:      It increases your willpower.
 d - a +0 robe of cold resistance
 A - a +2 cloak (worn)
 Q - +2 steam dragon scales (worn)
 U - an orb of energy (worn)
Jewellery
 a - a ring of protection from cold
 l - a +6 ring of dexterity
 m - a ring of flight
 v - a +4 ring of protection (right hand)
 y - a ring of poison resistance
 E - a +4 ring of protection (left hand)
 H - an amulet of magic regeneration (around neck)
 M - a +6 ring of dexterity
 T - a ring of positive energy
 W - a ring of protection from fire
Wands
 k - a wand of paralysis (6)
 B - a wand of digging (7)
 C - a wand of mindburst (11)
 L - a wand of roots (10)
 N - a wand of acid (9)
Scrolls
 h - 2 scrolls of fog
 j - 5 scrolls of immolation
 n - 5 scrolls of vulnerability
 o - 7 scrolls of teleportation
 q - 2 scrolls of brand weapon
 s - 2 scrolls of fear
 t - 6 scrolls of magic mapping
 w - a scroll of amnesia {unknown}
 z - 2 scrolls of silence
 K - 6 scrolls of blinking
Potions
 e - 2 potions of ambrosia
 f - a potion of brilliance
 g - 2 potions of curing
 i - 4 potions of cancellation
 p - 7 potions of flight
 r - a potion of resistance {unknown}
 x - 4 potions of attraction
 D - a potion of mutation {unknown}
 F - 2 potions of might
 I - 3 potions of haste
 S - 3 potions of lignification
Miscellaneous
 V - a phantom mirror


   Skills:
 - Level 1.1 Short Blades
 - Level 2.6 Dodging
 + Level 17.0 Stealth
 + Level 11.6 Spellcasting
 * Level 3.2 Conjurations
 + Level 10.7 Hexes
 * Level 7.2 Necromancy
 * Level 7.8 Invocations
 * Level 9.9 Evocations


You had 12 spell levels left.
You knew the following spells:

 Your Spells              Type           Power      Damage    Failure   Level
a - Ensorcelled Hibernat  Hex/Ice        68%        N/A       4%          2
b - Necrotise             Necr           100%       1d9       2%          1
c - Confusing Touch       Hex            54%        N/A       2%          3
d - Tukima's Dance        Hex            54%        N/A       2%          3
e - Vampiric Draining     Necr           42%        2d9       4%          3
f - Agony                 Necr           42%        N/A       21%         5
g - Kiss of Death         Conj/Necr      100%       2d13      4%          1
h - Dispel Undead         Necr           42%        3d17      10%         4

Your spell library contained the following spells:

 Spells                   Type           Power      Damage    Failure   Level
 Dazzling Flash           Conj/Hex       82%        N/A       4%          3
 Magic Dart               Conj           100%       1d8       6%          1
 Call Imp                 Summ           24%        N/A       22%         2
 Mephitic Cloud           Conj/Pois/Air  16%        N/A       26%         3
 Gell's Gravitas          Tloc           12%        N/A       36%         3
 Teleport Other           Tloc           12%        N/A       36%         3
 Dispersal                Tloc           6%         N/A       100%        6


Dungeon Overview and Level Annotations

Branches:
Dungeon (11/15)            Temple (0/1) D:7            Lair (4/5) D:11
    Orc (0/2) D:9
  Swamp: Lair:2-3    Shoals: Lair:2-3     Snake: Lair:2-3    Spider: Lair:2-3
  Slime: Lair:4-5

Altars:
Cheibriados
Dithmenos
Elyvilon
Fedhas
Gozag
Hepliaklqana
Kikubaaqudgha
Nemelex Xobeh
Okawaru
Sif Muna
Trog
Uskayaw
Wu Jian
Xom
Zin

Shops:
D:2 !   D:7 *   D:9 (

Annotations:
D:3 2 transporters, booth's ghost, amateur DsRe
Lair:4 exclusion: oklob plant


Innate Abilities, Weirdness & Mutations

You are very small and have problems with some larger weapons.
You are too small for most types of armour.
You have supernaturally acute eyesight. (SInv)
You cover ground extremely quickly. (Speed+++)


Message History

Press: ? - help, Shift-Dir - straight line, f/p - cane toad
Aim: a cane toad (chance to affect: 62%)
The cane toad resists with significant effort.
Magical energy flows into your mind!
The cane toad stings you but does no damage.
The cane toad barely misses you.
Casting: Ensorcelled Hibernation (safe; 4% risk of failure)
Confirm with . or Enter, or press ? or * to list all spells.
Aiming: Ensorcelled Hibernation (safe; 4% risk of failure)
Press: ? - help, Shift-Dir - straight line, f/p - cane toad
Aim: a cane toad (chance to affect: 62%)
The cane toad looks drowsy...
The helpless cane toad fails to defend itself.
You perforate the cane toad like a sieve!!!
You kill the cane toad!
Your Stealth skill increases to level 17!
Casting: Ensorcelled Hibernation (safe; 4% risk of failure)
Confirm with . or Enter, or press ? or * to list all spells.
Aiming: Ensorcelled Hibernation (safe; 4% risk of failure)
Press: ? - help, Shift-Dir - straight line, f - dream sheep
Aim: a dream sheep (chance to affect: 53%)
The dream sheep looks drowsy...
Magical energy flows into your mind!
The dream sheep shake their wool and sparkle.
You feel drowsy...
You fall asleep.
A dream sheep comes into view.
The dream sheep bites you but does no damage.
The dream sheep bleats!
The dream sheep bleats!
You hear a bleat!
The dream sheep bites you!!
You wake up.
Ouch! That really hurt!
The water moccasin misses you. The dream sheep bites you.
A dream sheep comes into view.
The water moccasin misses you.
The dream sheep are wreathed in dream dust.
You feel drowsy...
You fall asleep.
The water moccasin barely misses you. The water moccasin bites you!!
You die...
Your body glows with a rainbow of weird colours and disappears.

,,**.....#......,,....P.....###..
,,,*#..........#,*.##P##.....##..
****#.S.,......##*####*#.....##..
* #.YY,,......##.# ##....###..
#.Y..,,#......#* #.....P##..
#...Y###..Y...#####.....###..
***##.....#...Y...##.#......###.#
,,*#....Y..YP.#S..##.........####
,,,.........##..@..##.........#
,,,.........##....###.......###
,,,..........#P....#........#
*,,##.##..#####.PP#.#####.###
****#**###* ####### *##


You could see a water moccasin and 3 dream sheep.

Vanquished Creatures
  A catoblepas (Lair:1)
  A death yak (Lair:1)
  A sea snake (Lair:1)
  Pikel (D:5)
  An ugly thing (D:8)
  A manticore (D:11)
  A cyclops (D:11)
  A salamander (Lair:1)
  A black mamba (Lair:4)
  5 cane toads
  2 rime drakes (Lair:1)
  4 komodo dragons
  2 polar bears (Lair:4)
  3 blink frogs (Lair:1)
  Grinder (D:5)
  2 hornets
  A dream sheep (Lair:4)
  3 wyverns
  6 basilisks
  A fire bat (D:5)
  37 yaks
  Grum (D:10)
  2 steam dragons
  5 vampire mosquitoes
  Edmund (D:5)
  2 wargs
  An acid dragon (D:11)
  8 water moccasins
  6 orc warriors
  3 sky beasts
  4 black bears
  2 ice beasts
  An ogre (D:7)
  A centaur (D:10)
  5 wolves
  6 kobold brigands
  3 phantoms
  7 bullfrogs
  A scorpion (D:6)
  A gnoll sergeant (D:7)
  9 killer bees
  3 electric eels (D:8)
  A howler monkey (D:7)
  A gnoll bouda (D:9)
  2 hounds
  2 jellies
  7 orc priests
  2 iguanas (D:4)
  10 orc wizards
  Terence (D:2)
  13 gnolls
  8 adders
  2 shadow imps (D:6)
  2 white imps
  3 worms
  4 dart slugs
  36 orcs
  5 ball pythons
  8 endoplasms
  3 goblins
  10 hobgoblins
  8 jackals
  2 quokkas (D:4)
  8 bats
  7 frilled lizards
  30 kobolds
  3 rats (D:1)
326 creatures vanquished.

Vanquished Creatures (collateral kills)
  Erica (D:10)
  2 two-headed ogres
  An orc warrior (D:8)
  An ogre (D:5)
  A gnoll sergeant (D:9)
  2 orc priests
  3 gnolls
  3 orcs
14 creatures vanquished.

Vanquished Creatures (others)
  6 dancing weapons
  An orc (D:9)
  A kobold (D:8)
8 creatures vanquished.

Grand Total: 348 creatures vanquished

Notes
Turn   | Place    | Note
-------+----------+-------------------------------------------
     0 | D:1      | LynnLen the Spriggan Enchanter began the quest for the Orb.
     0 | D:1      | Reached XP level 1. HP: 9/9 MP: 5/5
   316 | D:1      | Reached XP level 2. HP: 11/13 MP: 6/6
   338 | D:1      | Learned a level 2 spell: Ensorcelled Hibernation
   340 | D:1      | Learned a level 1 spell: Necrotise
   655 | D:1      | Reached skill level 5 in Stealth
  1213 | D:1      | Reached XP level 3. HP: 13/16 MP: 5/8
  1217 | D:1      | Learned a level 3 spell: Confusing Touch
  1472 | D:2      | Noticed Terence
  1480 | D:2      | Killed Terence
  1735 | D:2      | Found a bloodstained altar of Trog.
  1850 | D:2      | Found Alaol's Distillery.
  2138 | D:3      | Found a transporter.
  2142 | D:3      | Noticed booth's ghost (amateur DsRe)
  2153 | D:3      | Found a blossoming altar of Fedhas.
  2172 | D:3      | Reached skill level 6 in Stealth
  2172 | D:3      | Reached XP level 4. HP: 21/21 MP: 7/10
  2334 | D:3      | Found a sparkling altar of Nemelex Xobeh.
  2378 | D:3      | Became a worshipper of Nemelex Xobeh the Trickster
  2542 | D:3      | Found a transporter.
  2628 | D:3      | Found a faded altar of an unknown god.
  2662 | D:3      | Found an ornate altar of the Wu Jian Council.
  2770 | D:3      | Found an iron altar of Okawaru.
  2777 | D:3      | Found an opulent altar of Gozag.
  2780 | D:3      | Found an ancient bone altar of Kikubaaqudgha.
  2782 | D:3      | Found a snail-covered altar of Cheibriados.
  3070 | D:4      | Reached XP level 5. HP: 24/24 MP: 2/12
  3076 | D:4      | Reached skill level 7 in Stealth
  3188 | D:3      | Learned a level 3 spell: Tukima's Dance
  3192 | D:3      | Learned a level 3 spell: Vampiric Draining
  3339 | D:4      | Reached * piety under Nemelex Xobeh
  3392 | D:4      | Identified the +0 robe of the Trilobite {rF+ Will+}
  3813 | D:4      | Reached skill level 1 in Necromancy
  3815 | D:4      | Reached XP level 6. HP: 28/28 MP: 8/13
  4252 | D:4      | Reached skill level 8 in Stealth
  4515 | D:4      | Reached skill level 1 in Invocations
  4559 | D:5      | Entered Level 5 of the Dungeon
  4560 | D:5      | Noticed a yak
  4579 | D:4      | Reached skill level 5 in Spellcasting
  4579 | D:4      | Reached skill level 5 in Hexes
  4659 | D:5      | Noticed a yak
  4763 | D:5      | Noticed Edmund
  4775 | D:5      | Reached XP level 7. HP: 32/32 MP: 1/15
  4920 | D:5      | Reached skill level 1 in Evocations
  4948 | D:5      | Killed Edmund
  4949 | D:5      | Reached skill level 9 in Stealth
  5066 | D:5      | Received a gift from Nemelex Xobeh
  5095 | D:5      | Noticed Grinder
  5120 | D:5      | Noticed a yak
  5137 | D:5      | Killed a yak
  5289 | D:5      | Noticed Pikel
  5422 | D:5      | Killed a yak
  5423 | D:5      | Reached XP level 8. HP: 36/36 MP: 13/18
  5573 | D:5      | Reached ** piety under Nemelex Xobeh
  5671 | D:5      | Killed Pikel
  5672 | D:5      | Reached skill level 10 in Stealth
  5758 | D:5      | Killed Grinder
  5854 | D:5      | Reached XP level 9. HP: 39/39 MP: 18/20
  5860 | D:5      | Learned a level 5 spell: Agony
  6210 | D:6      | Received a gift from Nemelex Xobeh
  6261 | D:6      | Reached skill level 11 in Stealth
  6431 | D:6      | Reached skill level 5 in Evocations
  6642 | D:6      | Identified the staff of earth "Tamir" {Will+ Str+6 Dex-5}
  6902 | D:6      | Reached skill level 12 in Stealth
  7006 | D:6      | Received a gift from Nemelex Xobeh
  7514 | D:7      | Found a staircase to the Ecumenical Temple.
  7650 | D:7      | Found Moniqo Pumn's Assorted Antiques.
  7658 | D:7      | Bought a sedimented purple potion for 23 gold pieces
  7658 | D:7      | Bought a sapphire potion for 23 gold pieces
  7658 | D:7      | Bought a scroll of identify for 52 gold pieces
  7658 | D:7      | Bought a scroll labelled ANTAS RYEM for 26 gold pieces
  7684 | D:7      | Reached *** piety under Nemelex Xobeh
  7934 | D:7      | Received a gift from Nemelex Xobeh
  8317 | D:7      | Reached XP level 10. HP: 44/44 MP: 21/23
  8855 | D:8      | Received a gift from Nemelex Xobeh
  8870 | D:8      | Reached skill level 5 in Invocations
  8954 | D:8      | Found a glowing silver altar of Zin.
  9349 | D:8      | Found a shimmering blue altar of Sif Muna.
  9379 | D:8      | Found a bloodstained altar of Trog.
  9460 | D:8      | Noticed a red ugly thing
  9557 | D:8      | Killed a red ugly thing
  9558 | D:8      | Reached skill level 13 in Stealth
  9814 | D:8      | Reached skill level 5 in Necromancy
  9847 | D:8      | Noticed a two-headed ogre
  9871 | D:8      | Killed a two-headed ogre
 11026 | D:9      | Reached skill level 14 in Stealth
 11043 | D:9      | Reached XP level 11. HP: 36/47 MP: 15/25
 11136 | D:9      | Learned a level 1 spell: Kiss of Death
 11141 | D:9      | Learned a level 4 spell: Dispel Undead
 11327 | D:9      | Found a hazy altar of Hepliaklqana.
 11329 | D:9      | Found a shimmering altar of Xom.
 11370 | D:9      | Found a shadowy altar of Dithmenos.
 12053 | D:9      | Reached skill level 10 in Spellcasting
 12109 | D:9      | Found Wyduner's Antique Weapon Boutique.
 12290 | D:9      | Found a staircase to the Orcish Mines.
 12311 | D:9      | Received a gift from Nemelex Xobeh
 12406 | D:10     | Entered Level 10 of the Dungeon
 12448 | D:10     | Reached **** piety under Nemelex Xobeh
 12488 | D:10     | Found a white marble altar of Elyvilon.
 12567 | D:10     | Identified the +0 chain mail of a wizard's laboratory {Harm
                  | Will+}
 12630 | D:10     | Noticed Grum
 12661 | D:10     | Killed Grum
 12839 | D:10     | Received a gift from Nemelex Xobeh
 13122 | D:10     | Noticed Erica
 13215 | D:10     | Killed Erica
 13442 | D:11     | Reached skill level 1 in Conjurations
 13916 | D:11     | Found a hide-covered altar of Uskayaw.
 13922 | D:11     | Reached skill level 15 in Stealth
 13982 | D:11     | Noticed a two-headed ogre
 14019 | D:11     | Killed a two-headed ogre
 14422 | D:11     | Received a gift from Nemelex Xobeh
 14521 | D:11     | Found a staircase to the Lair.
 14569 | Lair:1   | Entered Level 1 of the Lair of Beasts
 14569 | Lair:1   | Reached ***** piety under Nemelex Xobeh
 14600 | Lair:1   | Noticed a death yak
 14600 | Lair:1   | Noticed a death yak
 14602 | Lair:1   | Noticed a death yak
 14628 | Lair:1   | Reached XP level 12. HP: 26/51 MP: 24/27
 14732 | Lair:1   | Reached skill level 10 in Hexes
 15075 | Lair:1   | Noticed a death yak
 15467 | Lair:1   | Received a gift from Nemelex Xobeh
 15647 | Lair:1   | Reached skill level 16 in Stealth
 16054 | Lair:1   | Killed a death yak
 16095 | Lair:1   | Noticed a death yak
 16098 | Lair:1   | Noticed a death yak
 16101 | Lair:1   | a death yak changed into a purple draconian
 16101 | Lair:1   | Noticed a purple draconian
 16101 | Lair:1   | a death yak changed into an emperor scorpion
 16101 | Lair:1   | Noticed an emperor scorpion
 16101 | Lair:1   | a death yak changed into a minotaur
 16101 | Lair:1   | Noticed a minotaur
 16102 | Lair:1   | a purple draconian changed into a swamp dragon
 16102 | Lair:1   | a death yak changed into a quicksilver ooze
 16102 | Lair:1   | Noticed a quicksilver ooze
 16102 | Lair:1   | an emperor scorpion changed into a moth of wrath
 16102 | Lair:1   | a death yak changed into a catoblepas
 16102 | Lair:1   | Noticed a catoblepas
 16102 | Lair:1   | a quicksilver ooze changed into a salamander
 16102 | Lair:1   | a minotaur changed into a sea snake
 16153 | Lair:1   | Killed a catoblepas
 16476 | Lair:2   | You fall into a shaft and drop 2 floors!
 16998 | Lair:4   | Noticed a death yak
 16998 | Lair:4   | Noticed a death yak
 16998 | Lair:4   | Noticed a death yak
 16998 | Lair:4   | Noticed a death yak
 16999 | Lair:4   | Noticed a death yak
 17145 | Lair:4   | Received a gift from Nemelex Xobeh
 17200 | Lair:4   | Reached skill level 17 in Stealth
 17212 | Lair:4   | Slain by a water moccasin

Illustrated notes

Levels and vault maps discovered:
D:1:      minmay_arrival_arboretum_small, layout_basic, minmay_box_of_dots
D:2:      layout_basic, basic_altar, serial_shops, shop, uniq_terence
D:3:      layout_basic, nicolae_overflow_ecumenical_swirl, fedhas_altar_2,
          overflow_temple_1_default, minitemple, gammafunk_ghost_mausoleum,
          feat_on_display
D:4:      layout_basic
D:5:      layout_loops_ring, uniq_edmund, uniq_pikel, uniq_grinder
D:6:      layout_gridville, minmay_misc_feat_square, minmay_joined_circles
D:7:      layout_basic, minmay_temple_entry_water_ring, serial_shops, shop
D:8:      layout_basic, trog_hazing_becter, mainiacjoe_overflow_chevrons,
          led_sif_pool, serial_curves, eino_curves_01, eino_curves_01
D:9:      layout_basic, regret_index_temple_of_mockery,
          nicolae_dithmenos_shadow_blocks, david_orc_1_choice, serial_shops,
          nicolae_shop_stone, nrook_mini_backslash, columned_hall_lemuel
D:10:     layout_basic, elyvilon_altar_4, uniq_erica, uniq_grum
D:11:     layout_roguey, erik_lair_dragon, nicolae_uskayaw_dance_studio
Lair:1:   layout_hall_layers, chequers_serial_rivers_micro_a
Lair:2:   layout_misc_corridors, palyth_hydra_swamp_entry, minivault_26,
          hibernation_bobbens, grunt_megastairs_2, uniq_amaemon
Lair:3:   layout_hall_layers, minmay_snake_entry_six_corridors,
          serial_bayou_shore_b, lemuel_fruit_fields, serial_bayou_shore_b,
          uniq_gastronok
Lair:4:   layout_cellular_growth, infiniplex_staircase_pool_2

Skill      XL: |  1  2  3  4  5  6  7  8  9 10 11 12 |
---------------+-------------------------------------+-----
Hexes          | 4 5 6 7 8 9 10 | 10.7
Stealth        | 5 6 7 8 9 10 12 14 15 17 | 17.0
Spellcasting   | 3 4 5 6 7 8 9 10 11 | 11.6
Necromancy     | 1 2 3 4 5 6 7 |  7.2
Invocations    | 1 2 3 4 5 7 |  7.8
Evocations     | 2 4 6 7 8 9 |  9.9
Conjurations   | 2 3 |  3.2
Short Blades   | |  1.1
Dodging        | |  2.6

Action                     |  1- 3 |  4- 6 |  7- 9 | 10-12 || total
---------------------------+-------+-------+-------+-------++-------
  Melee: Dagger            |    90 |   120 |   246 |    41 ||   497
         Punch             |       |     1 |     4 |     6 ||    11
         Short sword       |       |       |       |   497 ||   497
  Throw: Dart              |       |       |     2 |     1 ||     3
   Cast: Ensorcelled Hiber |    13 |    41 |    77 |   158 ||   289
         Necrotise         |     8 |     7 |     2 |     3 ||    20
         Tukima's Dance    |       |     1 |     7 |    31 ||    39
         Confusing Touch   |       |       |     9 |    48 ||    57
         Vampiric Draining |       |       |     3 |       ||     3
         Agony             |       |       |     1 |       ||     1
 Invoke: Draw Destruction  |       |       |     4 |     2 ||     6
         Draw Escape       |       |       |     1 |       ||     1
         Deal Four         |       |       |       |     4 ||     4
  Evoke: Wand              |       |       |     1 |       ||     1
    Use: Scroll            |     4 |     1 |     6 |    16 ||    27
         Potion            |     1 |     1 |       |     9 ||    11
   Stab: Sleeping          |    20 |    30 |    47 |   108 ||   205
         Invisible         |       |     1 |       |       ||     1
         Confused          |       |       |    11 |    50 ||    61
         Distracted        |       |       |       |     1 ||     1
 Armour: Robe              |     6 |    23 |    55 |    46 ||   130
         Steam dragon scal |       |       |       |    80 ||    80
  Dodge: Dodged            |    69 |    82 |   137 |   398 ||   686
